 Dungeon Crawl Stone Soup version 0.23.2-33-g5129a83184 (webtiles) character file.

Game seed: 16655398236994813576

84 Alterion the Skirmisher (level 4, -5/75 HPs)
             Began as an Ogre Berserker on July 18, 2019.
             Was a Believer of Trog.
             Slain by a gnoll (6 damage)
             ... on level 2 of the Dungeon.
             The game lasted 00:08:34 (2355 turns).

Alterion the Skirmisher (Ogre Berserker)            Turns: 2355, Time: 00:08:35

Health: -5/75      AC:  3    Str: 27    XL:     4   Next: 46%
Magic:  4/4        EV: 10    Int:  8    God:    Trog [**....]
Gold:   136        SH:  0    Dex:  8    Spells: 3/3 levels left

rFire    . . .     SeeInvis +   a - +0 mace
rCold    . . .     Gourm    .   (no shield)
rNeg     . . .     Faith    .   b - +0 animal skin
rPois    .         Spirit   .   (helmet restricted)
rElec    .         Reflect  .   (no cloak)
rCorr    .         Harm     .   (gloves unavailable)
MR       ++...                  (boots unavailable)
Stlth    ..........             (no amulet)
HPRegen  1.22/turn              (no ring)
MPRegen  0.09/turn              p - ring of see invisible

@: berserking (expiring), starving, regenerating, very quick
A: large, unfitting armour, tough skin 1
a: Berserk, Trog's Hand, Renounce Religion


You were on level 2 of the Dungeon.
You worshipped Trog.
Trog was pleased with you.
You were starving.

You visited 1 branch of the dungeon, and saw 2 of its levels.

You collected 136 gold pieces.

Inventory:

Hand Weapons
 a - a +0 mace (weapon)
 f - a +1 dagger of electrocution
 o - a +0 hand axe
Missiles
 l - 2 javelins (quivered)
Armour
 b - a +0 animal skin (worn)
Jewellery
 p - a ring of see invisible (right hand)
Scrolls
 e - 4 scrolls of remove curse {unknown}
 j - 2 scrolls of identify {unknown}
 k - a scroll of amnesia {unknown}
 m - a scroll of magic mapping {unknown}
 n - a scroll of enchant weapon {unknown}
Potions
 d - a potion of brilliance {unknown}
 g - a potion of lignification {unknown}
 h - a potion of heal wounds {unknown}
Comestibles
 c - 3 rations


   Skills:
 + Level 5.1 Fighting
 + Level 3.4 Maces & Flails
 + Level 3.4 Dodging


You had 3 spell levels left.
You didn't know any spells.
Your spell library was empty.

Dungeon Overview and Level Annotations

Branches:
Dungeon (2/15)

Altars:

Annotations:
D:2 Sigmund


Innate Abilities, Weirdness & Mutations

You are too large for most types of armour.
You have tough skin. (AC +1)


Message History

The gnoll barely misses you.
You closely miss Sigmund.
Sigmund is severely wounded.
The gnoll hits you.
* * * LOW HITPOINT WARNING * * *
The gnoll hits you from afar with a +0 halberd!
* * * LOW HITPOINT WARNING * * *
Unknown command.
You are too berserk!
Unknown command.
You are too berserk!
You are too berserk!
You hit Sigmund.
Sigmund is almost dead.
You feel the effects of Trog's Hand fading.
Sigmund points at you and mumbles some strange words.
The magic dart hits you.
* * * LOW HITPOINT WARNING * * *
The gnoll hits you.
You die...

##.#...#############
##.....(.รท).......<##
.........########...#
....................###
##.......######.......#
...#...### #.......#
.#.#...# #.......#
###..### ##@...### #
##.# #@g..# ..# #.####
...# ###g# .... #...#
... #.#.# #.#.# #.#.#
#.#.# #.#.#


You could see Sigmund and 2 gnolls.

Vanquished Creatures
  A gnoll (D:2)
  An adder (D:2)
  2 oozes (D:1)
  2 dart slugs
  2 leopard geckos (D:1)
  A ball python (D:1)
  5 bats
  2 giant cockroaches
  6 goblins
  7 hobgoblins
  6 jackals
  3 frilled lizards
  5 kobolds
  5 rats
48 creatures vanquished.

Notes
Turn   | Place    | Note
-------+----------+-------------------------------------------
     0 | D:1      | Alterion the Ogre Berserker began the quest for the Orb.
     0 | D:1      | Reached XP level 1. HP: 24/24 MP: 1/1
   139 | D:1      | Reached XP level 2. HP: 32/32 MP: 2/2
   532 | D:1      | Reached XP level 3. HP: 40/40 MP: 3/3
   921 | D:1      | Reached ** piety under Trog
  1697 | D:2      | Reached XP level 4. HP: 47/49 MP: 4/4
  1851 | D:2      | Noticed Sigmund
  2081 | D:2      | Reached skill level 5 in Fighting
  2355 | D:2      | HP: 1/75 [Sigmund/magic dart (4)]
  2355 | D:2      | Slain by a gnoll

Skill      XL: |  1  2  3  4 |
---------------+-------------+-----
Dodging        | 3 |  3.4
Maces & Flails | 3 |  3.4
Fighting       | 5 |  5.1

Action                   |  1- 3 |  4- 6 || total
-------------------------+-------+-------++-------
Melee: Mace              |   147 |    42 ||   189
Invok: Berserk           |       |     1 ||     1
       Trog's Hand       |       |     1 ||     1
  Eat: Chunk             |     3 |     1 ||     4
Armor: Animal skin       |    56 |     3 ||    59
Dodge: Dodged            |   109 |    33 ||   142
